AoeStats
← bkg45

Nomad

509235516Analyzed
3v3 RM · 5d ago on Sep 26, 2026· 46m 47s· 6 players
Game mode
Random Map
Map size
210×210
Population
200
Speed
Normal
Resources
Standard
Victory
Conquest
Starting age
Dark Age
Ending age
Imperial Age
RankedLock teamsTeams togetherTeam positionsShared explorationLock speedFull tech treeHidden civsTurbo modeCheats
Victory
Defeat
🇳🇿 Saxons · New Zealand
1278
+15
🇨🇴 Mapuche · Colombia
1239
+17
🇳🇿 Ethiopians · New Zealand
1186
+19
🇺🇸 Varangians · United States
1333
-19
🇨🇦 Saxons · Canada
1297
-19
🇺🇸 Spanish · United States
1158
-13
joshbike
3:50 Loom
13:39 Feudal Age
14:54 Town Watch
18:01 Castle Age
16:04 Double-Bit Axe
16:50 Stone Mining
17:06 Horse Collar
17:28 Fishing Lines
19:18 Fletching
19:44 Scale Mail Armor
19:55 Forging
19:55 Bodkin Arrow
22:07 Scale Mail Armor
26:13 Gold Mining
31:56 Chain Mail Armor
38:53 Wheelbarrow
43:19 Imperial Age
43:29 Imperial Age
41:35 Forging
41:57 Heavy Plow
42:26 Bow Saw
44:12 Iron Casting
44:35 Conscription
47:27 Hoardings
Jota
4:31 Loom
13:52 Feudal Age
15:44 Fishing Lines
19:30 Castle Age
18:04 Double-Bit Axe
18:16 Gold Mining
18:56 Horse Collar
19:13 Fletching
20:26 Bow Saw
20:53 Gold Shaft Mining
22:05 Bodkin Arrow
23:40 Wheelbarrow
23:27 Ballistics
23:43 Padded Archer Armor
25:52 Leather Archer Armor
30:06 Horse Collar
30:46 Hand Cart
37:16 Imperial Age
38:46 Ring Archer Armor
38:26 Elite Bolas Rider
47:09 Butalmapu
donE!
11:25 Loom
13:37 Feudal Age
14:12 Double-Bit Axe
19:00 Castle Age
20:26 Wheelbarrow
20:08 Bow Saw
19:43 Fishing Lines
22:18 Horse Collar
27:57 Crossbowman
28:39 Padded Archer Armor
28:30 Fletching
28:42 Gold Mining
35:22 Ballistics
36:49 Scale Mail Armor
37:00 Forging
36:47 Bodkin Arrow
38:17 Chain Mail Armor
40:54 Imperial Age
39:56 Chain Mail Armor
40:16 Iron Casting
39:37 Bodkin Arrow
40:45 Iron Casting
41:18 Leather Archer Armor
41:09 Squires
40:55 Arson
41:40 Heavy Plow
43:17 Chemistry
42:48 Conscription
42:12 Arbalester
42:58 Thumb Ring
43:19 Elite Shotel Warrior
45:21 Plate Mail Armor
44:51 Bracer
46:02 Blast Furnace
45:32 Ring Archer Armor
46:54 Gold Shaft Mining
46:37 Masonry
osteor10
5:44 Loom
14:39 Feudal Age
18:57 Castle Age
17:14 Double-Bit Axe
18:00 Fletching
18:15 Padded Archer Armor
34:43 Wheelbarrow
43:47 Bodkin Arrow
44:08 Leather Archer Armor
FEMALE INCA VILLAGER
4:22 Loom
14:34 Feudal Age
16:13 Double-Bit Axe
18:40 Castle Age
18:56 Fishing Lines
20:00 Bow Saw
19:56 Horse Collar
20:23 Fletching
24:26 Ballistics
25:14 Bodkin Arrow
25:40 Gillnets
27:35 Wheelbarrow
32:01 Gambesons
32:17 Squires
32:03 Arson
34:42 Padded Archer Armor
34:43 Scale Mail Armor
34:53 Forging
35:48 Hand Cart
37:14 Leather Archer Armor
41:14 Imperial Age
39:03 Chain Mail Armor
39:24 Iron Casting
38:13 Man-at-Arms
38:39 Gambesons
38:38 Man-at-Arms
39:03 Gambesons
39:35 Town Watch
40:08 Long Swordsman
40:36 Crossbowman
40:37 Elite Skirmisher
41:25 Thumb Ring
42:19 Conscription
41:24 Shield Wall
42:37 Plate Mail Armor
42:07 Bracer
42:38 Ring Archer Armor
41:47 Two-Handed Swordsman
42:59 Champion
bkg45
4:47 Loom
15:41 Feudal Age
16:29 Double-Bit Axe
19:15 Castle Age
17:21 Fishing Lines
17:25 Horse Collar
20:13 Bow Saw
20:04 Heavy Plow
21:37 Wheelbarrow
21:07 Gillnets
24:11 Town Watch
27:31 Fletching
28:53 Hand Cart
44:06 Imperial Age
46:46 Scale Barding Armor
46:52 Forging
Connection lost

Rejoining the realm…

Still unreachable

The connection could not be restored.

Session expired

The server has moved on; the page needs a fresh start.